Map: Nightshade LE

Players

ViBE

  • Race: Terran Terran
  • League: Master
  • Spawn Location: 11:00

Immortality - Winner!

  • Race: Protoss Protoss
  • League: Master
  • Spawn Location: 5:00

VOD

Have the link to the VOD?

Description

Time

  • Played on: Dec. 27, 2019, 12:07 a.m.
  • Length: 10:11
Show
View Real Time Build Order
Export as new Build Order

ViBE Terran 

Build Orders:  

Get SALT Encoding   

  12  0:00  SCV  
  13  0:13  SCV  
  14  0:18  Supply Depot  
  14  0:25  SCV  
  15  0:40  SCV  
  15  0:42  Barracks  
  16  0:46  Refinery  
  16  0:52  SCV  
  17  1:04  SCV  
  18  1:16  SCV  
  19  1:28  SCV  
  20  1:35  Reaper  
  21  1:43  Orbital Command  
  21  1:48  Command Center  
  21  2:03  Supply Depot  
  21  2:14  SCV  
  23  2:18  Barracks Reactor  
  23  2:20  Barracks  
  22  2:26  SCV  
  23  2:32  Refinery  
  23  2:38  SCV  
  24  2:50  SCV  
  25  2:53  Factory  
  25  2:57  Marine x2  
  27  3:02  SCV x2  
  29  3:06  Bunker  
  29  3:11  Barracks Tech Lab  
  28  3:18  Marine x2  
  30  3:43  SCV  
  30  3:44  Orbital Command  
  30  3:46  Marine x3  
  32  3:49  Starport  
  32  3:55  SCV  
  33  3:59  Stimpack  
  33  4:01  Factory Reactor  
  33  4:04  Marine x2  
  33  4:05  Marauder  
  33  4:07  SCV  
  38  4:16  SCV  
  38  4:19  SCV  
  38  4:22  Marine  
  40  4:28  SCV  
  41  4:31  SCV  
  41  4:34  Marine  
  41  4:35  Marauder  
  45  4:38  Supply Depot  
  45  4:39  Marine  
  46  4:50  Supply Depot x2  
  46  5:00  SCV x2, Medivac x2  
  46  5:03  Command Center  
  52  5:12  SCV x2  
  52  5:16  Marine x2  
  52  5:17  Marauder  
  55  5:24  SCV x2  
  55  5:28  Engineering Bay x2  
  57  5:33  Medivac  
  57  5:34  Medivac  
  61  5:36  SCV x2  
  61  5:38  Refinery  
  61  5:40  Refinery  
  63  5:48  SCV x2, Barracks  
  63  5:49  Barracks  
  65  5:52  Marine x2, Marauder  
  65  5:56  Terran Infantry Weapons Level 1  
  69  5:59  Terran Infantry Armor Level 1  
  69  6:00  SCV  
  70  6:13  Missile Turret  
  70  6:14  SCV x2  
  70  6:15  Missile Turret  
  70  6:16  Orbital Command  
  70  6:18  Marine, Marauder  
  74  6:19  Marine  
  74  6:22  Combat Shield  
  76  6:34  SCV x2  
  76  6:39  Barracks Reactor, Orbital Command, Barracks Tech Lab  
  78  6:44  Armory  
  78  6:46  SCV x2  
  81  6:52  Marine  
  81  6:53  Marine  
  81  6:54  Command Center  
  82  6:57  Marauder  
  84  7:05  SCV  
  85  7:15  Supply Depot  
  85  7:16  Supply Depot  
  85  7:18  Supply Depot  
  85  7:20  Supply Depot  
  85  7:32  Liberator x2  
  85  7:36  Marine x4  
  85  7:37  SCV x3, Marauder x2  
  85  7:39  Supply Depot  
  85  7:40  Concussive Shells, Supply Depot  
  96  7:49  SCV x3, Terran Ship Weapons Level 1  
  104  7:57  Marine x4  
  108  8:01  SCV x3  
  108  8:02  Marauder x2  
  115  8:13  SCV  
  115  8:16  Marine, Refinery  
  115  8:17  Marine x3, Refinery  
  120  8:23  Marauder x2  
  124  8:32  Supply Depot x2  
  124  8:33  Supply Depot  
  124  8:40  Marine x4  
  128  8:42  Liberator  
  128  8:44  SCV x3, Marauder  
  128  8:45  Marauder, Liberator  
  128  8:48  Planetary Fortress  
  135  8:57  Sensor Tower  
  135  8:58  SCV x3  
  135  8:59  Sensor Tower  
  139  9:20  Marine x4, Marauder  
  139  9:21  Marauder  
  128  9:38  Marine x4  
  109  9:42  Marauder x2  
  83  10:01  Barracks  
  83  10:02  Barracks  
  83  10:03  Barracks x2  
Show
View Real Time Build Order
Export as new Build Order

Immortality Protoss - Winner!

Build Orders: 1 Gate Expand, Colossus Rush 

Get SALT Encoding   

  12  0:00  Probe (Chrono Boost)  
  13  0:11  Probe (Chrono Boost)  
  14  0:17  Pylon  
  14  0:21  Probe  
  15  0:35  Probe  
  15  0:42  Gateway  
  16  0:47  Probe  
  17  1:00  Probe  
  18  1:15  Nexus  
  18  1:24  Assimilator  
  18  1:34  Cybernetics Core, Zealot (Chrono Boost)  
  20  1:41  Probe  
  21  1:51  Pylon  
  21  1:53  Probe  
  22  2:07  Zealot (Chrono Boost)  
  22  2:10  Warp Gate  
  22  2:15  Assimilator  
  24  2:17  Probe  
  25  2:26  Stalker  
  25  2:27  Probe  
  25  2:29  Probe  
  29  2:39  Probe  
  29  2:41  Probe  
  29  2:53  Probe  
  29  2:56  Stalker  
  32  3:04  Probe, Robotics Facility  
  33  3:07  Probe  
  34  3:16  Probe, Gateway  
  35  3:21  Probe  
  35  3:24  Gateway  
  36  3:28  Probe  
  36  3:33  Probe  
  36  3:44  Gateway  
  36  3:48  Probe  
  36  3:49  Probe  
  36  3:50  Warp Prism (Chrono Boost)  
  38  3:58  Stalker  
  38  4:01  Probe  
  41  4:03  Pylon  
  41  4:08  Pylon  
  41  4:09  Probe  
  40  4:25  Sentry  
  40  4:26  Adept x2  
  46  4:37  Observer, Shield Battery  
  47  4:39  Adept, Robotics Bay  
  47  4:41  Probe x2  
  51  4:47  Pylon  
  51  4:49  Zealot x2  
  55  4:53  Probe  
  56  5:01  Assimilator x2  
  56  5:08  Zealot x2  
  60  5:21  Probe x2  
  58  5:25  Colossus (Chrono Boost)  
  58  5:27  Twilight Council  
  64  5:33  Probe  
  65  5:37  Probe  
  66  5:45  Probe  
  66  5:46  Gateway  
  66  5:47  Gateway  
  67  5:51  Gateway  
  67  5:52  Gateway, Sentry  
  69  5:59  Pylon  
  69  6:00  Pylon  
  69  6:15  Blink (Chrono Boost)  
  69  6:16  Colossus (Chrono Boost)  
  75  6:24  Nexus  
  75  6:39  Forge  
  75  6:42  Pylon  
  75  6:43  Probe  
  76  6:50  Zealot  
  76  6:51  Zealot  
  76  6:52  Templar Archives  
  80  7:00  Stalker x2  
  84  7:06  Protoss Ground Weapons Level 1 (Chrono Boost)  
  84  7:07  Colossus (Chrono Boost)  
  90  7:25  Probe x2  
  92  7:35  Psionic Storm  
  92  7:47  Zealot x4  
  100  7:54  Charge (Chrono Boost)  
  100  7:55  Assimilator x2  
  100  8:00  Pylon  
  100  8:01  Pylon  
  100  8:03  High Templar x2  
  104  8:09  Probe  
  104  8:10  Probe  
  106  8:15  Colossus (Chrono Boost)  
  106  8:16  Pylon  
  112  8:20  Probe  
  112  8:26  Probe  
  114  8:27  High Templar  
  116  8:35  Probe x2  
  116  8:39  Zealot x2  
  116  8:40  Zealot x2  
  126  8:51  Pylon  
  126  8:52  Pylon  
  126  9:01  Stalker x3  
  128  9:20  Stalker x5  
  126  9:33  Archon  
  126  9:36  Zealot  
  126  9:37  Zealot x2  
  88  9:48  Zealot x5  
  92  10:04  Stalker x3  
Tags
 
Add a new tag
Caveats
  • Supply blocks, unpowered buildings, or Contaminate may cause inaccurate times.
  • Supply counts are checked every 10 seconds.